 Dungeon Crawl Stone Soup version 0.20.2-3-g29329e0561 (webtiles) character file.

5021 Alfie the Slicer (level 10, -3/88 HPs)
             Began as a Minotaur Fighter on Jan 22, 2024.
             Slain by a freezing wraith (10 damage)
             ... led by a death knight
             ... on level 9 of the Dungeon on Jan 25, 2024.
             The game lasted 00:17:38 (5922 turns).

Alfie the Slicer (Minotaur Fighter)                 Turns: 5922, Time: 00:17:40

Health: -3/88      AC:  9    Str: 26    XL:     10   Next: 30%
Magic:  9/9        EV: 11    Int:  5    God:
Gold:   367        SH: 12    Dex: 11    Spells: 9/9 levels left

rFire    . . .     SeeInvis .   a - +2 rapier
rCold    + . .     Gourm    .   c - +0 shield
rNeg     . . .     Faith    .   b - +0 scale mail
rPois    .         Spirit   .   (helmet restricted)
rElec    .         Reflect  .   q - +0 cloak
rCorr    .         Harm     +   (no gloves)
MR       .....                  (no boots)
Stlth    ..........             B - amulet of harm
Regen    0.3/turn               i - ring of protection from cold
MPRegen  0.2/turn               w - +3 ring of strength

@: no status effects
A: retaliatory headbutt, horns 2
a: no special abilities


You were on level 9 of the Dungeon.
You were not hungry.

You visited 1 branch of the dungeon, and saw 9 of its levels.

You collected 367 gold pieces.

Inventory:

Hand Weapons
 a - a +2 rapier (weapon)
Armour
 b - a +0 scale mail (worn)
 c - a +0 shield (worn)
 q - a +0 cloak (worn)
Jewellery
 i - a ring of protection from cold (left hand)
 p - an uncursed ring of ice
 w - a +3 ring of strength (right hand)
 y - a cursed ring of loudness {unknown}
 z - a +4 ring of evasion {unknown}
 B - an amulet of harm (around neck)
 C - an uncursed ring of protection from magic {unknown}
 D - an uncursed ring of resist corrosion {unknown}
Wands
 k - a wand of enslavement (7/24)
 l - a wand of lightning (0/15)
 x - a wand of disintegration (10/24)
Scrolls
 j - 2 scrolls of remove curse
 m - a scroll of noise {unknown}
 o - a scroll of blinking {unknown}
 t - a scroll of amnesia {unknown}
 u - a scroll of teleportation
Potions
 d - a potion of might
 e - a potion of haste {unknown}
 g - 3 potions of brilliance
 h - 2 potions of lignification {unknown}
 n - 2 potions of flight
 s - a potion of invisibility
 v - a potion of heal wounds
 A - a potion of curing
Comestibles
 f - 7 bread rations
 r - 5 meat rations


   Skills:
 + Level 8.2 Fighting
 + Level 10.3 Short Blades
 + Level 8.6 Armour
 + Level 4.7 Dodging
 + Level 1.0 Stealth
 + Level 8.8 Shields


You had 9 spell levels left.
You didn't know any spells.

Dungeon Overview and Level Annotations

Branches:
Dungeon (9/15)             Temple (0/1) D:5
   Lair: D:8-11         Orc: D:9-12

Altars:
Ashenzari
Cheibriados
Dithmenos
Kikubaaqudgha
Makhleb
Okawaru
Qazlal
Sif Muna
Uskayaw
Vehumet
Xom
The Shining One


Innate Abilities, Weirdness & Mutations

You reflexively headbutt those who attack you in melee.
You have a pair of horns on your head.


Message History

The freezing wraith hits you but does no damage.
You block the freezing wraith's attack.
The death knight hits you but does no damage.
You puncture the freezing wraith!
The freezing wraith is almost destroyed.
The phantasmal warrior barely misses you.
The freezing wraith barely misses you.
The freezing wraith hits you but does no damage.
You closely miss the freezing wraith.
The freezing wraith is almost destroyed.
The death knight hits you from afar with an enchanted glaive!
* * * LOW HITPOINT WARNING * * *
You closely miss the freezing wraith.
Your headbutt misses the freezing wraith.
The freezing wraith is almost destroyed.
The phantasmal warrior hits you but does no damage.
The freezing wraith hits you.
* * * LOW HITPOINT WARNING * * *
The freezing wraith freezes you! You resist.
You die...

#..........(...........#
#..
#..............#####...#
#.. #....(...#####.#
#...######.. #........#
#.# #...........
#........# #.#
#........... #........#
#.# #..######...
#........# #.# #..# #...
#........# #W# #..# #...
#........# #@# #..# #...
#........# #W# #..# #...
#..KK....# #p# #..# #...
#..####..# #.# #..# #...
#K.# #..# #W#####..#
#... #h.#
#.†#####........# #..#
#..# #.))p...........#
#..# #.K#
#W#####.........# #..#
#..# #.# #.........#
#..#


You could see a death knight, a phantasmal warrior and 2 freezing wraiths.

Vanquished Creatures
  The ghost of Alfie the Cutter, a novice HOFi (D:5)
  The ghost of Alfie the Covered, a novice HOFi (D:4)
  Prince Ribbit (D:6)
  A hippogriff (D:7)
  Sigmund (D:6)
  A hungry ghost (D:6)
  Menkaure (D:7)
  A black bear (D:6)
  2 orc warriors (D:6)
  4 sky beasts
  3 ice beasts
  5 ogres
  A phantom (D:5)
  A necrophage (D:5)
  A centaur (D:8)
  2 big kobolds (D:9)
  A gnoll sergeant (D:8)
  3 bullfrogs
  6 scorpions
  3 wights (D:9)
  3 crimson imps
  3 hounds
  A centaur skeleton (D:7)
  A bullfrog skeleton (D:8)
  4 orc priests
  5 orc wizards
  2 iguanas
  Terence (D:2)
  6 worker ants
  2 hound skeletons
  8 gnolls
  13 adders
  An ooze (D:2)
  2 worms (D:2)
  8 leopard geckos
  30 orcs
  2 ball pythons
  3 giant cockroaches
  7 hobgoblins
  5 jackals
  15 kobolds
  8 quokkas
  A ball python zombie (D:5)
  2 bats
  8 frilled lizards (D:2)
  5 goblins
  2 rats
188 creatures vanquished.

Vanquished Creatures (others)
  A plant (D:2)
1 creature vanquished.

Grand Total: 189 creatures vanquished

Notes
Turn   | Place    | Note
-------+----------+-------------------------------------------
     0 | D:1      | Alfie the Minotaur Fighter began the quest for the Orb.
     0 | D:1      | Reached XP level 1. HP: 19/19 MP: 0/0
   346 | D:1      | Reached XP level 2. HP: 14/27 MP: 1/1
   947 | D:2      | Reached XP level 3. HP: 32/33 MP: 2/2
  1046 | D:2      | Noticed Terence
  1050 | D:2      | Reached skill level 1 in Dodging
  1064 | D:2      | Killed Terence
  1064 | D:2      | Reached XP level 4. HP: 25/40 MP: 3/3
  1143 | D:2      | Reached skill level 3 in Short Blades
  1222 | D:2      | Found a stormy altar of Qazlal.
  1382 | D:3      | Found a shattered altar of Ashenzari.
  1416 | D:3      | Found a radiant altar of Vehumet.
  1461 | D:3      | Found a glowing golden altar of the Shining One.
  1800 | D:4      | Noticed Alfie's ghost (novice HOFi)
  1817 | D:4      | Killed Alfie's ghost
  1817 | D:4      | Reached skill level 5 in Short Blades
  1817 | D:4      | Reached skill level 5 in Armour
  1817 | D:4      | Reached XP level 5. HP: 32/47 MP: 4/4
  1817 | D:4      | Reached XP level 6. HP: 37/55 MP: 5/5
  1839 | D:4      | Found a shadowy altar of Dithmenos.
  1863 | D:4      | Reached skill level 5 in Fighting
  1884 | D:4      | Reached XP level 7. HP: 47/61 MP: 6/6
  1998 | D:4      | Reached skill level 5 in Shields
  2023 | D:4      | Found a hide-covered altar of Uskayaw.
  2331 | D:5      | Entered Level 5 of the Dungeon
  2420 | D:5      | Reached skill level 6 in Short Blades
  2534 | D:5      | Noticed Alfie's ghost (novice HOFi)
  2558 | D:5      | Killed Alfie's ghost
  2558 | D:5      | Reached skill level 7 in Short Blades
  2558 | D:5      | Reached XP level 8. HP: 16/70 MP: 7/7
  2653 | D:5      | Found a staircase to the Ecumenical Temple.
  2923 | D:5      | Reached skill level 1 in Stealth
  3060 | D:5      | Found a shimmering altar of Xom.
  3242 | D:6      | Noticed Prince Ribbit
  3333 | D:6      | Reached skill level 8 in Short Blades
  3343 | D:6      | Killed Prince Ribbit
  3343 | D:6      | Reached XP level 9. HP: 52/78 MP: 8/8
  3831 | D:6      | Noticed Sigmund
  3838 | D:6      | Killed Sigmund
  3838 | D:6      | Reached skill level 9 in Short Blades
  3953 | D:6      | Found a burning altar of Makhleb.
  4128 | D:7      | Noticed Menkaure
  4152 | D:7      | Killed Menkaure
  4153 | D:7      | HP: 3/79 [poisoned by an adder]
  4161 | D:7      | HP: 3/79 [poisoned by an adder]
  4523 | D:7      | Found an ancient bone altar of Kikubaaqudgha.
  4544 | D:7      | Found a deep blue altar of Sif Muna.
  4808 | D:8      | Found a snail-covered altar of Cheibriados.
  5112 | D:8      | Reached XP level 10. HP: 67/88 MP: 9/9
  5285 | D:8      | Reached skill level 10 in Short Blades
  5332 | D:8      | You fall through a shaft!
  5356 | D:9      | Noticed a death knight
  5357 | D:9      | Noticed a phantasmal warrior
  5381 | D:9      | Found an iron altar of Okawaru.
  5922 | D:9      | Slain by a freezing wraith

Skill      XL: |  1  2  3  4  5  6  7  8  9 10 |
---------------+-------------------------------+-----
Fighting       | 4 5 6 7 8 |  8.2
Armour         | 4 5 6 7 8 |  8.6
Dodging        | 1 2 3 4 |  4.7
Shields        | 4 6 8 |  8.8
Short Blades   | 5 7 8 9 10 | 10.3
Stealth        | 1 |  1.0

Action                   |  1- 3 |  4- 6 |  7- 9 | 10-12 || total
-------------------------+-------+-------+-------+-------++-------
Melee: Rapier            |    98 |    78 |   397 |   127 ||   700
       Headbutt          |    15 |    13 |    82 |    17 ||   127
Evoke: Wand              |       |       |       |     1 ||     1
  Use: Potion            |       |     1 |    10 |       ||    11
       Scroll            |       |       |     9 |     3 ||    12
  Eat: Fruit             |       |     1 |     2 |       ||     3
       Bread ration      |       |     1 |     2 |     1 ||     4
       Royal jelly       |       |       |     2 |       ||     2
Armor: Scale mail        |    33 |    17 |    64 |    36 ||   150
Dodge: Dodged            |    39 |    21 |    96 |    48 ||   204
Block: Shield            |    41 |    37 |   167 |    65 ||   310
